 Dungeon Crawl Stone Soup version 0.28.0 (webtiles) character file.

Game seed: 10878163836841833139

429 browni3141 the Chopper (level 6, -1/84 HPs)
             Began as a Minotaur Berserker on Feb 17, 2022.
             Was a Priest of Trog.
             Slain by a gnoll sergeant (8 damage)
             ... on level 4 of the Dungeon.
             The game lasted 00:01:40 (4424 turns).

browni3141 the Chopper (Minotaur Berserker)         Turns: 4424, Time: 00:01:41

Health: -1/84      AC:  5    Str: 23    XL:     6   Next: 66%
Magic:  5/5        EV: 11    Int:  4    God:    Trog [***...]
Gold:   118        SH:  3    Dex: 10    Spells: 5/5 levels left

rFire   . . .      SeeInvis .   a - +0 hand axe
rCold   . . .      Faith    .   n - +0 buckler
rNeg    . . .      Spirit   .   b - +0 animal skin
rPois   .          Reflect  .   (helmet restricted)
rElec   .          Harm     .   j - +0 cloak
rCorr   .          Rampage  .   (no gloves)
Will    .....                   f - +1 pair of boots {Fly}
Stlth   ..........              (no amulet)
HPRegen 0.24/turn               (no ring)
MPRegen 0.09/turn               (no ring)

@: berserking, flying, very quick
A: horns 2, retaliatory headbutt
a: Renounce Religion, Berserk, Trog's Hand


You were on level 4 of the Dungeon.
You worshipped Trog.
Trog was most pleased with you.
You visited 1 branch of the dungeon, and saw 4 of its levels.

You collected 118 gold pieces.


Innate Abilities, Weirdness & Mutations

You have a pair of horns on your head.
You reflexively headbutt those who attack you in melee.


   Skills:
 + Level 5.4 Fighting
 * Level 6.9 Axes
 + Level 4.6 Armour
 - Level 2.1 Dodging
 + Level 1.0 Shields


You had 5 spell levels left.
You didn't know any spells.
Your spell library was empty.

Inventory:

Hand Weapons
 a - a +0 hand axe (weapon)
Missiles
 l - a throwing net (quivered)
Armour
 b - a +0 animal skin (worn)
 f - a +1 pair of boots of flying (worn)
 j - a +0 cloak (worn)
 n - a +0 buckler (worn)
Scrolls
 c - a scroll of identify {unknown}
 e - a scroll of enchant armour {unknown}
 k - 2 scrolls of teleportation {unknown}
Potions
 d - 2 potions of flight {unknown}
 g - a potion of magic {unknown}
 h - a potion of ambrosia {unknown}
 i - a potion of curing {unknown}
 m - a potion of attraction {unknown}

Dungeon Overview and Level Annotations

Branches:
Dungeon (4/15)
 Temple: D:4-7

Altars:
The Shining One

Annotations:
D:4 Pikel

.............#.........
........##...####....¦¦
.##.###......# ....¦.
#.#####.#.#######..¦.
#....................
(.........#######...'
...................¦¦
..########...#..####....
...ggg5@K.............¦¦
.###.####..##.#.#..#...¦
................
##.#.....#..#....
...........##)#.
#.#.#####. #.#. #.#.# #.
#.## ..# #.# #.#


You could see Pikel, a lemure, a gnoll sergeant and 2 gnolls.


Message History

You barely miss the lemure. Your headbutt misses the lemure.
The lemure is moderately wounded.
The gnoll sergeant hits you from afar with a +0 spear.
* * * LOW HITPOINT WARNING * * *
The lemure hits you.
* * * LOW HITPOINT WARNING * * *
The gnoll sergeant barely misses you.
A red film seems to cover your vision as you go berserk!
You feel yourself moving faster!
You feel mighty!
Pikel hits you with a +2 whip of flaming.
* * * LOW HITPOINT WARNING * * *
Pikel burns you.
* * * LOW HITPOINT WARNING * * *
The lemure hits you!
* * * LOW HITPOINT WARNING * * *
The gnoll sergeant hits you from afar with a +0 spear.
* * * LOW HITPOINT WARNING * * *
You are too injured to fight recklessly!
You are too injured to fight recklessly!
You are too injured to fight recklessly!
You are too injured to fight recklessly!
You hit Pikel.
Pikel is lightly wounded.
You slash the lemure! The lemure hits you but does no damage.
Pikel closely misses you. You furiously retaliate!
You headbutt Pikel! You completely miss Pikel.
Pikel is moderately wounded.
You closely miss the lemure.
The gnoll sergeant hits you from afar with a +0 spear!
You die...

Skill      XL: |  1  2  3  4  5  6 |
---------------+-------------------+-----
Axes           | 4 5 6 |  6.9
Fighting       | 4 5 |  5.4
Armour         | 3 4 |  4.6
Shields        | 1 |  1.0
Dodging        | |  2.1

Action                   |  1- 3 |  4- 6 || total
-------------------------+-------+-------++-------
Melee: Hand axe          |    71 |   148 ||   219
       Headbutt          |    13 |    24 ||    37
Invok: Berserk           |     2 |     3 ||     5
 Stab: Sleeping          |     2 |       ||     2
Armor: Animal skin       |     8 |    38 ||    46
Dodge: Dodged            |    39 |    88 ||   127
Block: Buckler           |       |    19 ||    19

Levels and vault maps discovered:
D:1:      dpeg_arrival_water_temple_mockup, layout_basic,
          shapermc_ecumenical_altar_venn, minmay_shallow_snake_nest
D:2:      layout_loops_cross, uniq_crazy_yiuf_cottage, uniq_sigmund
D:3:      layout_loops_cross
D:4:      layout_basic, nicolae_tso_besieged_by_evil, nicolae_grassy_gnolls,
          uniq_pikel

Notes
Turn   | Place    | Note
-------+----------+-------------------------------------------
     0 | D:1      | browni3141 the Minotaur Berserker began the quest for the
                  | Orb.
     0 | D:1      | Reached XP level 1. HP: 19/19 MP: 0/0
   553 | D:1      | Reached skill level 4 in Axes
   611 | D:1      | Reached XP level 2. HP: 27/27 MP: 1/1
   712 | D:1      | Found a faded altar of an unknown god.
  1178 | D:1      | Reached skill level 4 in Fighting
  1195 | D:1      | Reached ** piety under Trog
  1321 | D:1      | Reached skill level 3 in Armour
  1325 | D:1      | Reached XP level 3. HP: 26/33 MP: 2/2
  2179 | D:2      | Noticed Sigmund
  2192 | D:2      | Killed Sigmund
  2193 | D:2      | Reached skill level 5 in Axes
  2193 | D:2      | Reached skill level 4 in Armour
  2193 | D:2      | Reached XP level 4. HP: 28/41 MP: 3/3
  2193 | D:2      | Reached XP level 5. HP: 33/47 MP: 4/4
  2387 | D:2      | Reached skill level 6 in Axes
  2443 | D:2      | Found a runed translucent door.
  2444 | D:2      | Noticed Crazy Yiuf
  2805 | D:2      | Killed Crazy Yiuf
  2806 | D:2      | Reached skill level 5 in Fighting
  3423 | D:3      | Reached XP level 6. HP: 23/56 MP: 5/5
  3879 | D:4      | Reached *** piety under Trog
  3905 | D:4      | Found a glowing golden altar of the Shining One.
  4030 | D:4      | Reached skill level 1 in Shields
  4419 | D:4      | Noticed Pikel
  4422 | D:4      | HP: 7/84 [gnoll sergeant (4)]
  4424 | D:4      | Slain by a gnoll sergeant

Vanquished Creatures
  Sigmund (D:2)
  3 lemures (D:4)
  A crimson imp (D:4)
  Crazy Yiuf (D:2)
  An orc wizard (D:4)
  7 gnolls
  2 adders
  An adder skeleton (D:3)
  3 worms (D:2)
  5 dart slugs
  4 orcs
  6 bats
  6 endoplasms
  A giant cockroach (D:1)
  5 goblins
  3 hobgoblins
  2 jackals (D:1)
  6 quokkas
  7 ball pythons
  3 frilled lizards (D:3)
  3 goblin skeletons (D:4)
  5 hobgoblin zombies (D:4)
  8 kobolds
  A kobold zombie (D:4)
  3 orc zombies (D:4)
  5 rats
93 creatures vanquished.

Vanquished Creatures (others)
  A fungus (D:2)
  15 plants
16 creatures vanquished.

Grand Total: 109 creatures vanquished

Table legend: (Time is in decaauts)
 A = Elapsed time spent in this place.
 B = Non-inter-level travel time spent in this place.
 C = Inter-level travel time spent in this place.
 D = Time resting spent in this place.
 E = Time spent auto-exploring this place.
 F = Levels seen in this place.
 G = Mean time per level.
                   A        B        C        D        E       F      G
               +--------+--------+--------+--------+--------+-----+--------+
         Total |   4477 |   4370 |    107 |    648 |   3183 |   4 | 1119.2 |
       Dungeon |   4477 |   4370 |    107 |    648 |   3183 |   4 | 1119.2 |
               +--------+--------+--------+--------+--------+-----+--------+

Top non-repeatable levels by time:
     D:1: 1887 daAuts
     D:2: 1169 daAuts
     D:3: 830 daAuts
     D:4: 590 daAuts

Table legend:
 A = Non-vault XP
 B = Vault XP
 C = Vault XP percentage of total XP
 D = Non-vault monster count
 E = Vault monster count
 F = Vault count percentage of total count
                 A         B        C        D         E       F
            +---------+---------+-------+---------+---------+-------
      Total |     291 |     322 |  52.5 |      72 |      18 |  20.0
            +---------+---------+-------+---------+---------+-------
        D:1 |      41 |       4 |   8.9 |      23 |       3 |  11.5
        D:2 |      66 |     256 |  79.5 |      24 |       2 |   7.7
        D:3 |      73 |       0 |   0.0 |      13 |       0 |   0.0
        D:4 |     111 |      62 |  35.8 |      12 |      13 |  52.0
            +---------+---------+-------+---------+---------+-------
